Monsters vs Checkers 2

Created - 14 décembre 2023 at 10:13

Goals
1 2 3 T
Monsters 0 1 0 1
Checkers 2 3 0 0 3
Shots
1 2 3 T
Monsters 2 10 4 16
Checkers 2 18 2 6 26

GoalsPenalties
1st period
1. Checkers 2 , Wayne Simmonds 7 (Parker Kelly 21) at 12:16
2. Checkers 2 , Max Pacioretty 25 (Brett Ritchie 19, Conor Timmins 13) at 19:09
3. Checkers 2 , Sheldon Dries 14 (Colton White 13, Joel Hanley 10) at 19:43
No Penalty
2nd period
4. Monsters , Cole Smith 18 (Connor Zary 6, Wyatt Kalynuk 4) at 7:27
Jack Studnicka (CLB) for Interference (Minor) at 7:43
Sheldon Dries (SEA) for Holding (Minor) at 17:52
3rd period
No Goal
Connor Zary (CLB) for High sticking (Minor) at 1:20
Brett Ritchie (SEA) for Roughing (Minor) at 16:26
Wyatt Kalynuk (CLB) for Tripping (Minor) at 19:42
Goalie Stats
Brian Elliott (CLB), 23 saves from 26 shots - (0,885), L, 24-21-4, 60:00 minutes
David Rittich (SEA), 15 saves from 16 shots - (0,938), W, 31-11-4, 60:00 minutes
3 StarsOfficial
1 - Max Pacioretty (SEA)
2 - Wayne Simmonds (SEA)
3 - Conor Timmins (SEA)
Referees : Conor O'Donnell and Laura White
Linesman : Dan Kelly and Meghan Mallette
Game Note
No Game Note



Team Name Goals Shots Shots Attemp Shots Blocked PIM HIT PP PK FO%
Monsters 1162956240 / 2 (0%)028%
Checkers 2 3264664250 / 3 (0%)072%

Monsters
Player Name POS G A P +/- PIM HIT SHT SB MP PP MP PP SHT PK MP PK SHT FO% FOT GA TA
Aleksi HeponiemiC/LW000-1001016:130:4101:2500% 010
Artemi KniazevD000002007:150:0000:0000% 000
Cole SmithLW/RW1010015124:072:2212:17021% 1400
Connor ZaryC0111250016:110:5700:0000% 201
Dylan GuentherRW000000003:150:2300:0000% 000
Gabriel FortierLW000-1000014:390:0000:2900% 100
Jack AhcanD0000010020:211:2300:0000% 002
Jack StudnickaC/RW0001231118:081:5210:2700% 020
Jacob LarssonD0000010012:390:0001:4600% 001
Joe SnivelyLW000-1002015:041:2601:2500% 000
Kris RussellD000-1032228:042:3512:2900% 013
Marco RossiC000-1000012:550:0000:000100% 100
Matthew PhillipsC000-1022014:300:0000:16022% 900
Nick PerbixD000-2012128:222:3212:5210% 001
Riley NashC000-2030025:092:2002:11033% 1501
Ryan DzingelC/LW/RW000-1001014:551:5300:000100% 100
Spencer StastneyD000000001:320:0000:0000% 000
Wyatt KalynukD011-1220022:231:2601:2300% 000
Checkers 2
Player Name POS G A P +/- PIM HIT SHT SB MP PP MP PP SHT PK MP PK SHT FO% FOT GA TA
Alex BelzileC/RW000000005:560:0000:0000% 000
Alex GalchenyukC/LW/RW000000006:301:3100:5000% 000
Brett RitchieRW0111224121:022:3710:00033% 601
Cale FleuryD0002000121:340:0001:2800% 000
Colton WhiteD0110022023:222:3500:0000% 000
Conor TimminsD0112011124:151:4002:3000% 012
Hudson FaschingRW0001010114:160:0000:0000% 010
Jake ChristiansenD000000000:000:0000:0000% 000
Joel HanleyD0110033027:042:3502:3000% 010
Joel KivirantaLW/RW0000011119:362:1101:5000% 100
Laurent DauphinC0001011020:482:0900:16085% 2000
Max PaciorettyLW1011024120:122:0900:000100% 120
Michael Del ZottoD0000000011:321:4000:0000% 000
Nathan WalkerLW0000033018:152:0602:01067% 310
Parker KellyC/LW0111032017:380:0002:08067% 330
Scott HarringtonD0000010012:130:0001:2800% 000
Sheldon DriesC1010233016:570:0000:51078% 901
Wayne SimmondsLW/RW1011022014:500:0200:0000% 000

Monsters

5 vs 5 Forward
Line #Left WingCenterRight WingPHYDFOFWanted %Time %Time Play
1Cole SmithRiley NashJack Studnicka1224025%12:44
2Ryan DzingelCole SmithRiley Nash1223025%12:44
3Gabriel FortierMatthew PhillipsRiley Nash1222026%13:39
4Aleksi HeponiemiMarco RossiRiley Nash1221024%12:40
5 vs 5 Defense
Line #DefenseDefensePHYDFOFWanted %Time %Time Play
1Nick PerbixKris Russell1224037%19:13
2Kris RussellWyatt Kalynuk1223030%15:36
3Jack AhcanNick Perbix1222024%12:20
4Nick PerbixWyatt Kalynuk122109%4:38
Power Play Forward
Line #Left WingCenterRight WingPHYDFOFWanted %Time %Time Play
1Cole SmithRiley NashJack Studnicka1226055%2:11
2Ryan DzingelCole SmithRiley Nash1224045%1:47
Power Play Defense
Line #DefenseDefensePHYDFOFWanted %Time %Time Play
1Nick PerbixKris Russell1226064%2:32
2Kris RussellWyatt Kalynuk1224036%1:26
Penalty Kill 4 Players Forward
Line #CenterWingPHYDFOFWanted %Time %Time Play
1Cole SmithRiley Nash12260100%4:15
2Cole SmithRiley Nash122400%0:00
Penalty Kill 4 Players Defense
Line #DefenseDefensePHYDFOFWanted %Time %Time Play
1Nick PerbixKris Russell1226067%2:52
2Kris RussellWyatt Kalynuk1224033%1:23
Penalty Kill 3 Players
Line #WingPHYDFOFWanted %Time %Time PlayDefenseDefensePHYDFOFWanted %Time %Time Play
1Riley Nash122600%0:00 Nick PerbixKris Russell122600%0:00
2Riley Nash122400%0:00 Kris RussellWyatt Kalynuk122400%0:00
4 vs 4 Forward
Line #CenterWingPHYDFOFWanted %Time %Time Play
1Cole SmithRiley Nash122600%0:00
2Connor ZaryRiley Nash122400%0:00
4 vs 4 Defense
Line #DefensePHYDFOFWanted %Time %Time Play
1Nick PerbixKris Russell122600%0:00
2Kris RussellWyatt Kalynuk122400%0:00
Last Minutes Offensive
Left WingCenterRight WingDefenseDefense
Cole SmithRiley NashJack StudnickaNick PerbixKris Russell
Last Minutes Defensive
Left WingCenterRight WingDefenseDefense
Cole SmithRiley NashJack StudnickaNick PerbixKris Russell
Time
Total ForwardTotal DefenseLast Minutes OffensiveLast Minutes Defensive
60:00 60:00 0:000:00
Extra Forwards
Normal PowerPlayPenalty Kill
Connor Zary, Joe Snively, Riley NashConnor Zary, Joe SnivelyRiley Nash
Extra Defensemen
Normal PowerPlayPenalty Kill
Jack Ahcan, Nick Perbix, Kris RussellJack Ahcan, Nick PerbixKris Russell
Penalty Shots
Connor Zary, Riley Nash, Jack Studnicka, Cole Smith, Matthew Phillips
Goalie
Brian Elliott, Alex Stalock
Scratches
Clark Bishop (Healthy), Ian Mitchell (Healthy), Jonathan Gruden (Healthy), Mikko Kokkonen (Healthy), Alex Beaucage (Healthy) Ivan Lodnia (Healthy), Nathan Legare (Healthy), Alexander Pashin (Healthy), Blake McLaughlin (Healthy), Blake Murray (Healthy) Carter Savoie (Healthy), Mitchell Hoelscher (Healthy), Topi Niemelä (Healthy), Xavier Bouchard (Healthy), Joseph Woll (Healthy) Jonathan Bernier (Healthy), Braden Holtby (Healthy), Jesper Wallstedt (Healthy)

Checkers 2

5 vs 5 Forward
Line #Left WingCenterRight WingPHYDFOFWanted %Time %Time Play
1Max PaciorettyLaurent DauphinBrett Ritchie0234536%18:29
2Nathan WalkerSheldon DriesJoel Kiviranta0233025%13:12
3Wayne SimmondsParker KellyHudson Fasching0322028%14:16
4Joel KivirantaSheldon DriesAlex Belzile032511%5:50
5 vs 5 Defense
Line #DefenseDefensePHYDFOFWanted %Time %Time Play
1Joel HanleyColton White0325041%21:22
2Conor TimminsCale Fleury0323034%17:34
3Scott HarringtonJoel Hanley0321019%9:59
4Joel HanleyConor Timmins032106%2:52
Power Play Forward
Line #Left WingCenterRight WingPHYDFOFWanted %Time %Time Play
1Max PaciorettyLaurent DauphinBrett Ritchie0236051%2:09
2Nathan WalkerBrett RitchieJoel Kiviranta0234049%2:06
Power Play Defense
Line #DefenseDefensePHYDFOFWanted %Time %Time Play
1Joel HanleyColton White0236061%2:35
2Conor TimminsMichael Del Zotto0234039%1:40
Penalty Kill 4 Players Forward
Line #CenterWingPHYDFOFWanted %Time %Time Play
1Sheldon DriesJoel Kiviranta0505059%2:20
2Parker KellyNathan Walker0505041%1:38
Penalty Kill 4 Players Defense
Line #DefenseDefensePHYDFOFWanted %Time %Time Play
1Joel HanleyConor Timmins1316063%2:30
2Scott HarringtonCale Fleury1314037%1:28
Penalty Kill 3 Players
Line #WingPHYDFOFWanted %Time %Time PlayDefenseDefensePHYDFOFWanted %Time %Time Play
1Wayne Simmonds050600%0:00 Joel HanleyConor Timmins041600%0:00
2Hudson Fasching050400%0:00 Scott HarringtonCale Fleury041400%0:00
4 vs 4 Forward
Line #CenterWingPHYDFOFWanted %Time %Time Play
1Laurent DauphinMax Pacioretty032500%0:00
2Sheldon DriesBrett Ritchie032500%0:00
4 vs 4 Defense
Line #DefensePHYDFOFWanted %Time %Time Play
1Joel HanleyColton White032600%0:00
2Conor TimminsCale Fleury032400%0:00
Last Minutes Offensive
Left WingCenterRight WingDefenseDefense
Max PaciorettySheldon DriesBrett RitchieJoel HanleyMichael Del Zotto
Last Minutes Defensive
Left WingCenterRight WingDefenseDefense
Nathan WalkerLaurent DauphinJoel KivirantaConor TimminsScott Harrington
Time
Total ForwardTotal DefenseLast Minutes OffensiveLast Minutes Defensive
60:00 60:00 0:000:00
Extra Forwards
Normal PowerPlayPenalty Kill
Nathan Walker, Laurent Dauphin, Brett RitchieLaurent Dauphin, Brett RitchieNathan Walker
Extra Defensemen
Normal PowerPlayPenalty Kill
Joel Hanley, Conor Timmins, Michael Del ZottoJoel Hanley, Conor TimminsScott Harrington
Penalty Shots
Max Pacioretty, Sheldon Dries, Brett Ritchie, Nathan Walker, Laurent Dauphin
Goalie
David Rittich, Pavel Francouz
Scratches
Gage Quinney (Healthy), Xavier Ouellet (Healthy), Jeremy Davies (Healthy), Martin Kaut (Healthy), Mikhail Maltsev (Healthy) Noah Juulsen (Healthy), Victor Mete (Healthy), Nate Thompson (Healthy), Radim Zohorna (Healthy), Patrick Guay (Healthy) Maxime Lagace (Healthy), Zach Sawchenko (Healthy)


Play-by-Play

1st period


0:01 of 1st period - Laurent Dauphin wins face-off versus Riley Nash in neutral zone.
0:42 of 1st period - Backhand shot by Sheldon Dries.
0:42 of 1st period - Stopped by Brian Elliott with a rebound.
0:56 of 1st period - Icing by Wayne Simmonds.
0:57 of 1st period - Parker Kelly wins face-off versus Cole Smith in Checkers 2 zone.
0:57 of 1st period - Parker Kelly is hit by Riley Nash.
1:13 of 1st period - Wrist shot by Laurent Dauphin.
1:13 of 1st period - Shot Misses the Net.
1:25 of 1st period - Cole Smith is hit by Hudson Fasching and loses puck.
1:52 of 1st period - Ryan Dzingel is hit by Parker Kelly and loses puck.
1:59 of 1st period - Snap shot by Hudson Fasching.
1:59 of 1st period - Shot Misses the Net.
2:11 of 1st period - Nick Perbix is hit by Parker Kelly.
2:52 of 1st period - Snap shot by Hudson Fasching.
2:52 of 1st period - Shot Misses the Net.
2:54 of 1st period - Snap shot by Parker Kelly.
2:54 of 1st period - Shot Hit the Post.
2:56 of 1st period - Slapshot by Colton White.
2:56 of 1st period - Stopped by Brian Elliott without a rebound.
2:57 of 1st period - Laurent Dauphin wins face-off versus Matthew Phillips in Monsters zone.
8:23 of 1st period - Icing by Kris Russell.
8:24 of 1st period - Sheldon Dries wins face-off versus Matthew Phillips in Monsters zone.
8:35 of 1st period - Wyatt Kalynuk is hit by Colton White and loses puck.
9:25 of 1st period - Icing by Conor Timmins.
9:26 of 1st period - Laurent Dauphin wins face-off versus Matthew Phillips in Checkers 2 zone.
9:33 of 1st period - Snap shot by Brett Ritchie.
9:33 of 1st period - Stopped by Brian Elliott without a rebound.
9:34 of 1st period - Riley Nash wins face-off versus Laurent Dauphin in Monsters zone.
10:28 of 1st period - Snap shot by Aleksi Heponiemi.
10:28 of 1st period - Stopped by David Rittich with a rebound.
10:45 of 1st period - Brett Ritchie is hit by Matthew Phillips and loses puck.
11:06 of 1st period - Nathan Walker is hit by Jack Studnicka and loses puck.
11:24 of 1st period - Laurent Dauphin is hit by Jacob Larsson and loses puck.
11:39 of 1st period - Slapshot by Conor Timmins.
11:39 of 1st period - Shot Blocked by Kris Russell.
11:41 of 1st period - Snap shot by Wayne Simmonds.
11:41 of 1st period - Stopped by Brian Elliott with a rebound.
11:43 of 1st period - Snap shot by Parker Kelly.
11:43 of 1st period - Stopped by Brian Elliott without a rebound.
11:44 of 1st period - Marco Rossi wins face-off versus Sheldon Dries in Monsters zone.
11:53 of 1st period - Wrist shot by Sheldon Dries.
11:53 of 1st period - Shot Blocked by Nick Perbix.
11:55 of 1st period - Slapshot by Colton White.
11:55 of 1st period - Shot Misses the Net.
12:11 of 1st period - Nick Perbix is hit by Joel Hanley and loses puck.
12:16 of 1st period - Slapshot by Wayne Simmonds.
12:16 of 1st period - Goal by Wayne Simmonds - Monsters : 0 - Checkers 2 : 1.
12:17 of 1st period - Laurent Dauphin wins face-off versus Riley Nash in neutral zone.
12:40 of 1st period - Gabriel Fortier is hit by Max Pacioretty.
12:56 of 1st period - Icing by Ryan Dzingel.
12:57 of 1st period - Sheldon Dries wins face-off versus Cole Smith in Monsters zone.
13:37 of 1st period - Wrist shot by Parker Kelly.
13:37 of 1st period - Stopped by Brian Elliott without a rebound.
13:38 of 1st period - Matthew Phillips wins face-off versus Laurent Dauphin in Monsters zone.
13:49 of 1st period - Slapshot by Joel Hanley.
13:49 of 1st period - Stopped by Brian Elliott with a rebound.
13:51 of 1st period - Slapshot by Joel Hanley.
13:51 of 1st period - Shot Hit the Post.
14:21 of 1st period - Connor Zary is hit by Joel Hanley and loses puck.
14:30 of 1st period - Wrist shot by Hudson Fasching.
14:30 of 1st period - Deflect By Wayne Simmonds.
14:30 of 1st period - Shot Misses the Net.
14:30 of 1st period - Puck is out of play.
14:31 of 1st period - Laurent Dauphin wins face-off versus Cole Smith in Monsters zone.
14:44 of 1st period - Snap shot by Max Pacioretty.
14:44 of 1st period - Stopped by Brian Elliott without a rebound.
14:45 of 1st period - Laurent Dauphin wins face-off versus Matthew Phillips in Monsters zone.
14:58 of 1st period - Snap shot by Laurent Dauphin.
14:58 of 1st period - Deflect By Max Pacioretty.
14:58 of 1st period - Stopped by Brian Elliott with a rebound.
15:00 of 1st period - Snap shot by Brett Ritchie.
15:00 of 1st period - Deflect By Laurent Dauphin.
15:00 of 1st period - Shot Misses the Net.
15:00 of 1st period - Puck is out of play.
15:01 of 1st period - Sheldon Dries wins face-off versus Cole Smith in Monsters zone.
15:02 of 1st period - Snap shot by Joel Kiviranta.
15:02 of 1st period - Shot Hit the Post.
15:04 of 1st period - Snap shot by Sheldon Dries.
15:04 of 1st period - Stopped by Brian Elliott without a rebound.
15:05 of 1st period - Sheldon Dries wins face-off versus Cole Smith in Monsters zone.
15:36 of 1st period - Wayne Simmonds is hit by Nick Perbix and loses puck.
16:51 of 1st period - Connor Zary is hit by Wayne Simmonds and loses puck.
17:08 of 1st period - Slapshot by Marco Rossi.
17:08 of 1st period - Shot Blocked by Hudson Fasching.
17:10 of 1st period - Wrist shot by Joe Snively.
17:10 of 1st period - Shot Hit the Post.
17:25 of 1st period - Wayne Simmonds is hit by Connor Zary and loses puck.
17:32 of 1st period - Slapshot by Joel Hanley.
17:32 of 1st period - Stopped by Brian Elliott without a rebound.
17:33 of 1st period - Laurent Dauphin wins face-off versus Matthew Phillips in Monsters zone.
17:52 of 1st period - Joel Kiviranta is hit by Connor Zary and loses puck.
17:59 of 1st period - Connor Zary is hit by Sheldon Dries.
18:03 of 1st period - Nathan Walker is hit by Connor Zary and loses puck.
18:26 of 1st period - Snap shot by Joel Kiviranta.
18:26 of 1st period - Stopped by Brian Elliott with a rebound.
18:28 of 1st period - Slapshot by Colton White.
18:28 of 1st period - Stopped by Brian Elliott without a rebound.
18:29 of 1st period - Laurent Dauphin wins face-off versus Riley Nash in Monsters zone.
18:30 of 1st period - Wrist shot by Brett Ritchie.
18:30 of 1st period - Stopped by Brian Elliott with a rebound.
18:32 of 1st period - Wrist shot by Laurent Dauphin.
18:32 of 1st period - Shot Blocked by Jack Studnicka.
18:50 of 1st period - Icing by Conor Timmins.
18:51 of 1st period - Matthew Phillips wins face-off versus Brett Ritchie in Checkers 2 zone.
19:09 of 1st period - Snap shot by Max Pacioretty.
19:09 of 1st period - Goal by Max Pacioretty - Monsters : 0 - Checkers 2 : 2.
19:10 of 1st period - Laurent Dauphin wins face-off versus Riley Nash in neutral zone.
19:21 of 1st period - Slapshot by Riley Nash.
19:21 of 1st period - Shot Blocked by Max Pacioretty.
19:23 of 1st period - Snap shot by Jack Studnicka.
19:23 of 1st period - Shot Blocked by Brett Ritchie.
19:25 of 1st period - Wrist shot by Cole Smith.
19:25 of 1st period - Stopped by David Rittich without a rebound.
19:26 of 1st period - Cole Smith wins face-off versus Sheldon Dries in Checkers 2 zone.
19:39 of 1st period - Slapshot by Sheldon Dries.
19:39 of 1st period - Shot Misses the Net.
19:41 of 1st period - Slapshot by Joel Hanley.
19:41 of 1st period - Deflect By Cole Smith.
19:41 of 1st period - Stopped by Brian Elliott with a rebound.
19:43 of 1st period - Slapshot by Colton White.
19:43 of 1st period - Deflect By Sheldon Dries.
19:43 of 1st period - Goal by Sheldon Dries - Monsters : 0 - Checkers 2 : 3.
19:44 of 1st period - Riley Nash wins face-off versus Brett Ritchie in neutral zone.
19:56 of 1st period - Kris Russell is hit by Joel Hanley and loses puck.
Goals for this period are 0 for Monsters vs 3 for Checkers 2.
Shots for this period are 2 for Monsters vs 18 for Checkers 2.

2nd period


0:01 of 2nd period - Laurent Dauphin wins face-off versus Riley Nash in neutral zone.
0:08 of 2nd period - Snap shot by Laurent Dauphin.
0:08 of 2nd period - Stopped by Brian Elliott with a rebound.
0:10 of 2nd period - Wrist shot by Laurent Dauphin.
0:10 of 2nd period - Shot Misses the Net.
0:35 of 2nd period - Slapshot by Cale Fleury.
0:35 of 2nd period - Shot Blocked by Kris Russell.
0:51 of 2nd period - Nick Perbix is hit by Parker Kelly.
1:17 of 2nd period - Gabriel Fortier is hit by Brett Ritchie and loses puck.
1:48 of 2nd period - Joel Hanley is hit by Kris Russell and loses puck.
1:53 of 2nd period - Wrist shot by Cole Smith.
1:53 of 2nd period - Stopped by David Rittich with a rebound.
3:02 of 2nd period - Ryan Dzingel is hit by Brett Ritchie and loses puck.
3:15 of 2nd period - Slapshot by Nick Perbix.
3:15 of 2nd period - Deflect By Matthew Phillips.
3:15 of 2nd period - Shot Misses the Net.
3:15 of 2nd period - Puck is out of play.
3:16 of 2nd period - Sheldon Dries wins face-off versus Gabriel Fortier in Checkers 2 zone.
3:27 of 2nd period - Snap shot by Matthew Phillips.
3:27 of 2nd period - Stopped by David Rittich with a rebound.
3:29 of 2nd period - Snap shot by Jack Ahcan.
3:29 of 2nd period - Shot Blocked by Conor Timmins.
3:46 of 2nd period - Icing by Cale Fleury.
3:47 of 2nd period - Laurent Dauphin wins face-off versus Riley Nash in Checkers 2 zone.
3:47 of 2nd period - Laurent Dauphin is hit by Riley Nash.
4:40 of 2nd period - Joel Kiviranta is hit by Jack Studnicka and loses puck.
4:47 of 2nd period - Slapshot by Jack Studnicka.
4:47 of 2nd period - Shot Misses the Net.
5:44 of 2nd period - Kris Russell is hit by Conor Timmins.
6:19 of 2nd period - Laurent Dauphin is hit by Connor Zary and loses puck.
6:27 of 2nd period - Icing by Max Pacioretty.
6:28 of 2nd period - Laurent Dauphin wins face-off versus Matthew Phillips in Checkers 2 zone.
7:27 of 2nd period - Wrist shot by Cole Smith.
7:27 of 2nd period - Goal by Cole Smith - Monsters : 1 - Checkers 2 : 3.
7:28 of 2nd period - Riley Nash wins face-off versus Laurent Dauphin in neutral zone.
7:31 of 2nd period - Laurent Dauphin is hit by Riley Nash and loses puck.
7:43 of 2nd period - Minor Penalty to Jack Studnicka for Interference.
7:44 of 2nd period - Laurent Dauphin wins face-off versus Cole Smith in Monsters zone.
7:49 of 2nd period - Icing by Joel Hanley.
7:50 of 2nd period - Cole Smith wins face-off versus Brett Ritchie in Checkers 2 zone.
7:59 of 2nd period - Slapshot by Nick Perbix.
7:59 of 2nd period - Stopped by David Rittich with a rebound.
8:07 of 2nd period - Riley Nash is hit by Laurent Dauphin.
9:33 of 2nd period - Matthew Phillips is hit by Max Pacioretty and loses puck.
9:43 of 2nd period - Penalty to Jack Studnicka is over, Jack Studnicka is back on ice.
10:37 of 2nd period - Jack Ahcan is hit by Sheldon Dries and loses puck.
11:40 of 2nd period - Matthew Phillips is hit by Nathan Walker and loses puck.
12:59 of 2nd period - Matthew Phillips is hit by Colton White and loses puck.
15:52 of 2nd period - Joel Hanley is hit by Cole Smith and loses puck.
16:49 of 2nd period - Slapshot by Joe Snively.
16:49 of 2nd period - Stopped by David Rittich without a rebound.
16:50 of 2nd period - Brett Ritchie wins face-off versus Connor Zary in Checkers 2 zone.
16:57 of 2nd period - Snap shot by Nathan Walker.
16:57 of 2nd period - Stopped by Brian Elliott without a rebound.
16:58 of 2nd period - Riley Nash wins face-off versus Parker Kelly in Monsters zone.
17:05 of 2nd period - Snap shot by Cole Smith.
17:05 of 2nd period - Stopped by David Rittich with a rebound.
17:15 of 2nd period - Cale Fleury is hit by Matthew Phillips and loses puck.
17:30 of 2nd period - Slapshot by Cole Smith.
17:30 of 2nd period - Shot Misses the Net.
17:32 of 2nd period - Slapshot by Kris Russell.
17:32 of 2nd period - Stopped by David Rittich with a rebound.
17:34 of 2nd period - Slapshot by Wyatt Kalynuk.
17:34 of 2nd period - Deflect By Ryan Dzingel.
17:34 of 2nd period - Stopped by David Rittich with a rebound.
17:44 of 2nd period - Wayne Simmonds is hit by Wyatt Kalynuk and loses puck.
17:49 of 2nd period - Slapshot by Jack Ahcan.
17:49 of 2nd period - Deflect By Aleksi Heponiemi.
17:49 of 2nd period - Shot Misses the Net.
17:49 of 2nd period - Puck is out of play.
17:50 of 2nd period - Sheldon Dries wins face-off versus Riley Nash in Checkers 2 zone.
17:52 of 2nd period - Minor Penalty to Sheldon Dries for Holding.
17:53 of 2nd period - Riley Nash wins face-off versus Nathan Walker in Checkers 2 zone.
17:55 of 2nd period - Snap shot by Jack Studnicka.
17:55 of 2nd period - Stopped by David Rittich with a rebound.
17:57 of 2nd period - Snap shot by Kris Russell.
17:57 of 2nd period - Stopped by David Rittich without a rebound.
17:58 of 2nd period - Nathan Walker wins face-off versus Riley Nash in Checkers 2 zone.
19:52 of 2nd period - Penalty to Sheldon Dries is over, Sheldon Dries is back on ice.
Goals for this period are 1 for Monsters vs 0 for Checkers 2.
Shots for this period are 10 for Monsters vs 2 for Checkers 2.

3rd period


0:01 of 3rd period - Laurent Dauphin wins face-off versus Riley Nash in neutral zone.
0:12 of 3rd period - Backhand shot by Max Pacioretty.
0:12 of 3rd period - Shot Misses the Net.
0:14 of 3rd period - Slapshot by Joel Hanley.
0:14 of 3rd period - Shot Blocked by Cole Smith.
0:16 of 3rd period - Wrist shot by Max Pacioretty.
0:16 of 3rd period - Stopped by Brian Elliott without a rebound.
0:17 of 3rd period - Sheldon Dries wins face-off versus Riley Nash in Monsters zone.
0:20 of 3rd period - Snap shot by Nathan Walker.
0:20 of 3rd period - Stopped by Brian Elliott with a rebound.
1:18 of 3rd period - Slapshot by Conor Timmins.
1:18 of 3rd period - Stopped by Brian Elliott with a rebound.
1:20 of 3rd period - Minor Penalty to Connor Zary for High sticking.
1:21 of 3rd period - Laurent Dauphin wins face-off versus Cole Smith in Monsters zone.
3:06 of 3rd period - Nathan Walker is hit by Jack Studnicka and loses puck.
3:20 of 3rd period - Penalty to Connor Zary is over, Connor Zary is back on ice.
3:52 of 3rd period - Riley Nash is hit by Scott Harrington and loses puck.
4:35 of 3rd period - Wrist shot by Matthew Phillips.
4:35 of 3rd period - Stopped by David Rittich without a rebound.
4:36 of 3rd period - Parker Kelly wins face-off versus Matthew Phillips in Checkers 2 zone.
6:13 of 3rd period - Nick Perbix is hit by Nathan Walker and loses puck.
6:20 of 3rd period - Nathan Walker is hit by Connor Zary and loses puck.
10:27 of 3rd period - Joe Snively is hit by Sheldon Dries and loses puck.
11:08 of 3rd period - Jack Ahcan is hit by Joel Kiviranta and loses puck.
11:21 of 3rd period - Parker Kelly is hit by Artemi Kniazev and loses puck.
11:34 of 3rd period - Marco Rossi is hit by Nathan Walker.
13:38 of 3rd period - Marco Rossi is hit by Wayne Simmonds and loses puck.
14:15 of 3rd period - Joel Hanley is hit by Jack Ahcan and loses puck.
16:04 of 3rd period - Conor Timmins is hit by Artemi Kniazev and loses puck.
16:09 of 3rd period - Snap shot by Jack Studnicka.
16:09 of 3rd period - Shot Misses the Net.
16:13 of 3rd period - Snap shot by Joe Snively.
16:13 of 3rd period - Stopped by David Rittich with a rebound.
16:15 of 3rd period - Wrist shot by Joe Snively.
16:15 of 3rd period - Deflect By Parker Kelly.
16:15 of 3rd period - Shot Blocked by Cale Fleury.
16:15 of 3rd period - Puck is out of play.
16:16 of 3rd period - Laurent Dauphin wins face-off versus Cole Smith in Checkers 2 zone.
16:26 of 3rd period - Minor Penalty to Brett Ritchie for Roughing.
16:27 of 3rd period - Nathan Walker wins face-off versus Cole Smith in Checkers 2 zone.
16:37 of 3rd period - Slapshot by Nick Perbix.
16:37 of 3rd period - Deflect By Nathan Walker.
16:37 of 3rd period - Stopped by David Rittich with a rebound.
16:39 of 3rd period - Snap shot by Cole Smith.
16:39 of 3rd period - Stopped by David Rittich without a rebound.
16:40 of 3rd period - Ryan Dzingel wins face-off versus Joel Kiviranta in Checkers 2 zone.
16:56 of 3rd period - Slapshot by Riley Nash.
16:56 of 3rd period - Shot Misses the Net.
17:14 of 3rd period - Wrist shot by Nathan Walker.
17:14 of 3rd period - Shot Misses the Net.
17:28 of 3rd period - Slapshot by Nick Perbix.
17:28 of 3rd period - Shot Blocked by Joel Kiviranta.
17:40 of 3rd period - Parker Kelly is hit by Kris Russell and loses puck.
18:23 of 3rd period - Conor Timmins is hit by Wyatt Kalynuk and loses puck.
18:26 of 3rd period - Penalty to Brett Ritchie is over, Brett Ritchie is back on ice.
18:36 of 3rd period - Wrist shot by Nathan Walker.
18:36 of 3rd period - Stopped by Brian Elliott without a rebound.
18:37 of 3rd period - Max Pacioretty wins face-off versus Connor Zary in Monsters zone.
18:38 of 3rd period - Slapshot by Laurent Dauphin.
18:38 of 3rd period - Shot Misses the Net.
18:40 of 3rd period - Slapshot by Joel Hanley.
18:40 of 3rd period - Shot Misses the Net.
18:42 of 3rd period - Slapshot by Brett Ritchie.
18:42 of 3rd period - Stopped by Brian Elliott without a rebound.
18:43 of 3rd period - Laurent Dauphin wins face-off versus Cole Smith in Monsters zone.
18:59 of 3rd period - Brett Ritchie is hit by Kris Russell and loses puck.
19:42 of 3rd period - Minor Penalty to Wyatt Kalynuk for Tripping.
19:43 of 3rd period - Brett Ritchie wins face-off versus Cole Smith in Monsters zone.
19:46 of 3rd period - Slapshot by Brett Ritchie.
19:46 of 3rd period - Stopped by Brian Elliott without a rebound.
19:47 of 3rd period - Cole Smith wins face-off versus Brett Ritchie in Monsters zone.
Goals for this period are 0 for Monsters vs 0 for Checkers 2.
Shots for this period are 4 for Monsters vs 6 for Checkers 2.